 Dungeon Crawl Stone Soup version 0.29-a0-330-g52719c12eb (webtiles) character file.

Game seed: 1791738788936822117

84 Anon1729 the Ducker (level 4, -1/31 HPs)
             Began as a Djinni Venom Mage on Apr 18, 2022.
             Slain by a gnoll sergeant
             ... wielding a +6 flail
              (8 damage)
             ... on level 5 of the Dungeon.
             The game lasted 00:03:19 (2947 turns).

Anon1729 the Ducker (Djinni Venom Mage)             Turns: 2947, Time: 00:03:19

Health: -1/31      AC:  2    Str:  7    XL:     4   Next: 74%
Gold:   187        EV: 13    Int: 18    God:
                   SH:  0    Dex: 14

rFire   + + .      SeeInvis .   b - +1 dagger (drain)
rCold   x . .      Faith    .   (no shield)
rNeg    . . .      Spirit   .   a - +0 robe
rPois   ∞          Reflect  .   (no helmet)
rElec   .          Harm     .   (no cloak)
rCorr   .          Rampage  .   (no gloves)
Will    .....                   (boots unavailable)
Stlth   ++........              (no amulet)
HPRegen 0.10/turn               (no ring)
MPRegen 0.00/turn               (no ring)

@: flying
A: sickness immunity, fire resistance 2, cold vulnerability 1, float, innate
caster, HP casting, extra vitality 1
a: no special abilities


You were on level 5 of the Dungeon.
You visited 1 branch of the dungeon, and saw 4 of its levels.

You collected 187 gold pieces.

Inventory:

Hand Weapons
 b - a +1 dagger of draining (weapon)
Armour
 a - a +0 robe (worn)
Wands
 l - a wand of digging (9)
Scrolls
 e - 2 scrolls of identify {unknown}
 f - a scroll of enchant armour {unknown}
 i - a scroll of teleportation {unknown}
 k - a scroll of enchant weapon {unknown}
Potions
 c - 2 potions of mutation {unknown}
 d - a potion of might {unknown}
 g - a potion of flight {unknown}
 h - a potion of resistance {unknown}
 j - a potion of degeneration {unknown}
 m - a potion of heal wounds {unknown}
 n - a potion of curing {unknown}


   Skills:
 + Level 3.3 Dodging
 + Level 2.6 Stealth
 + Level 3.0 Spellcasting


You couldn't memorise any spells.
You knew the following spells:

 Your Spells              Type           Power      Damage    Failure   Level
a - Sting                 Tmut/Pois      52%        1d5       4%          1
b - Poisonous Vapours     Pois/Air       26%        N/A       7%          2
c - Mephitic Cloud        Conj/Pois/Air  13%        N/A       14%         3
d - Olgreb's Toxic Radia  Pois           13%        N/A       43%         4
e - Animate Skeleton      Necr           26%        N/A       4%          1
Your spell library was empty.

Dungeon Overview and Level Annotations

Branches:
Dungeon (3/15)

Altars:
Hepliaklqana


Innate Abilities, Weirdness & Mutations

You are immune to sickness and miasma.
You are immune to poison.
Your flesh is very heat resistant. (rF++)
You are vulnerable to cold. (rC-)
You float through the air rather than walking.
You learn spells naturally, not from books.
Your magical power is your life essence.
You have superior vitality. (+4 MHP)


Message History

The helpless gnoll sergeant fails to defend itself.
You hit the gnoll sergeant.
The gnoll sergeant is lightly wounded.
The gnoll sergeant hits you with a +6 flail!!
Ouch! That really hurt!
Casting: Sting (safe; 4% risk of failure)
Confirm with . or Enter, or press ? or * to list all spells.
The spell is quite dangerous to miscast (14% risk of failure)!
Continue anyway?
Aiming: Mephitic Cloud (quite dangerous; 14% risk of failure)
Press: ? - help, Shift-Dir - straight line, f - gnoll sergeant
Aim: a gnoll sergeant, wielding a +6 flail, wearing a +0 chain mail and wearing a +0 kite shield (lightly wounded, chance to affect: 81%)
The ball explodes into a vile cloud!
The stinking cloud engulfs the gnoll sergeant but does no damage.
The gnoll sergeant is lightly wounded.
The stinking cloud engulfs you but does no damage.
* * * LOW HITPOINT WARNING * * *
The gnoll sergeant is engulfed in noxious fumes.
The gnoll sergeant appears confused.
You hit the gnoll sergeant but do no damage.
You drain the gnoll sergeant.
The gnoll sergeant is lightly wounded.
You hit the gnoll sergeant but do no damage.
You drain the gnoll sergeant.
The gnoll sergeant is moderately wounded.
The gnoll sergeant is engulfed in noxious fumes.
The gnoll sergeant appears confused.
Casting: Mephitic Cloud (quite dangerous; 14% risk of failure)
Confirm with . or Enter, or press ? or * to list all spells.
Aiming: Sting (safe; 4% risk of failure)
Press: ? - help, Shift-Dir - straight line, f/p - gnoll sergeant
Aim: a gnoll sergeant, wielding a +6 flail, wearing a +0 chain mail and wearing a +0 kite shield (moderately wounded, confused, heavily drained, 98% to hit)
The sting hits the gnoll sergeant.
The gnoll sergeant is poisoned.
The gnoll sergeant is heavily wounded.
* * * LOW HITPOINT WARNING * * *
There is a hazy altar of Hepliaklqana here.
You see here a scroll labelled JECAIS APULISCH.
You completely miss the gnoll sergeant.
The gnoll sergeant is severely wounded.
The gnoll sergeant hits you with a +6 flail!
You die...

##### #.@.#
#.g.# #...#
#...#
.......
#._..§#...
#...§......
#####...####
#.§.#


You could see a gnoll sergeant (confused, poisoned, very drained).

Vanquished Creatures
  2 adders (D:2)
  A worm (D:2)
  3 orcs (D:3)
  7 bats
  2 endoplasms (D:2)
  4 giant cockroaches (D:1)
  9 goblins
  5 hobgoblins
  2 jackals (D:1)
  7 kobolds
  4 quokkas
  3 ball pythons
  2 frilled lizards
  6 rats
57 creatures vanquished.

Vanquished Creatures (others)
  A fungus (D:1)
  A plant (D:1)
  5 toadstools (D:1)
7 creatures vanquished.

Grand Total: 64 creatures vanquished

Notes
Turn   | Place    | Note
-------+----------+-------------------------------------------
     0 | D:1      | Anon1729 the Djinni Venom Mage began the quest for the Orb.
     0 | D:1      | Reached XP level 1. HP: 15/15 MP: 0/0
    94 | D:1      | Reached XP level 2. HP: 2/21 MP: 0/0
   750 | D:1      | Reached XP level 3. HP: 19/25 MP: 0/0
   750 | D:1      | Learned a level 1 spell: Animate Skeleton
  1050 | D:1      | Found a faded altar of an unknown god.
  1784 | D:2      | Reached XP level 4. HP: 23/31 MP: 0/0
  2939 | D:3      | You are sucked into a shaft and drop 2 floors!
  2939 | D:5      | Entered Level 5 of the Dungeon
  2939 | D:5      | Noticed a gnoll sergeant
  2939 | D:5      | Found a hazy altar of Hepliaklqana.
  2939 | D:5      | Found a faded altar of an unknown god.
  2947 | D:5      | Slain by a gnoll sergeant

Illustrated notes

Levels and vault maps discovered:
D:1:      dpeg_arrival_simpleton_b, layout_rooms, serial_forest,
          infiniplex_forest_lined_room_2, infiniplex_forest_lined_1,
          infiniplex_forest_clump_large, infiniplex_forest_straight_2,
          infiniplex_forest_side_room, infiniplex_forest_lined_2,
          infiniplex_forest_clump_small,
          dreamdust_ecumenical_altar_sealed_demon, minmay_misc_feat_tiny,
          minmay_gold_behind_fungi
D:2:      layout_loops_ring
D:3:      layout_basic, grunt_temple_overflow_champion_of_chaos,
          nicolae_vehumet_radiance, portal_sewer_entry_e, hex_large
D:5:      layout_loops_cross, beargit_hepliaklqana_dungeon_heroes,
          mainiacjoe_overflow_tiny_flanked, gammafunk_ghost_icy

Skill      XL: |  1  2  3  4 |
---------------+-------------+-----
Stealth        | 2 |  2.6
Dodging        | 3 |  3.3
Spellcasting   | 3 |  3.0

Action                   |  1- 3 |  4- 6 || total
-------------------------+-------+-------++-------
Melee: Dagger            |    69 |     9 ||    78
       Punch             |     1 |       ||     1
 Cast: Sting             |    35 |    30 ||    65
       Mephitic Cloud    |       |     1 ||     1
 Stab: Sleeping          |     2 |     1 ||     3
       Distracted        |     1 |       ||     1
Armor: Robe              |    19 |     6 ||    25
Dodge: Dodged            |    71 |    12 ||    83

Table legend: (Time is in decaauts)
 A = Elapsed time spent in this place.
 B = Non-inter-level travel time spent in this place.
 C = Inter-level travel time spent in this place.
 D = Time resting spent in this place.
 E = Time spent auto-exploring this place.
 F = Levels seen in this place.
 G = Mean time per level.
                   A        B        C        D        E       F      G
               +--------+--------+--------+--------+--------+-----+--------+
         Total |   2945 |   2880 |     65 |    437 |   2058 |   4 |  736.2 |
       Dungeon |   2945 |   2880 |     65 |    437 |   2058 |   4 |  736.2 |
               +--------+--------+--------+--------+--------+-----+--------+

Top non-repeatable levels by time:
     D:1: 1442 daAuts
     D:2: 1181 daAuts
     D:3: 313 daAuts
     D:5: 7 daAuts
